 Dungeon Crawl Stone Soup version 0.17-a0-1635-gd4e48f1 (webtiles) character file.

12628 urechis the Grappler (level 11, -1/115 HPs)
             Began as a Troll Monk on Aug 4, 2015.
             Succumbed to a spiny frog's poison
             ... on level 6 of the Lair of Beasts.
             The game lasted 00:34:58 (9853 turns).

urechis the Grappler (Troll Monk)                   Turns: 9853, Time: 00:34:58

Health: -1/115     AC:  5    Str: 21    XL:     11   Next: 64%
Magic:  10/10      EV: 15    Int:  6    God:
Gold:   652        SH:  0    Dex: 15    Spells: 1 memorised, 9 levels left

rFire  + . .     SeeInvis +       - Unarmed
rCold  . . .     Clarity  +     a - +0 robe
rNeg   . . .     SustAt   .     (no shield)
rPois  .         Gourm    +     (helmet restricted)
rElec  .         Spirit   .     (no cloak)
rCorr  .         Warding  .     (gloves unavailable)
rMut   .         Stasis   .     (boots unavailable)
MR     .....                    D - amulet of clarity
Stlth  ++........               o - ring of see invisible
                                y - ring of protection from fire

@: lethally poisoned (-1 -> -26), very slightly contaminated, hasted, very
quick, not resistant to hostile enchantments, unstealthy
A: unfitting armour, claws 3, fast metabolism 3, gourmand, regeneration 2,
shaggy fur 1, tough skin 2
a: no special abilities


You were on level 6 of the Lair of Beasts.
You were not hungry.

You visited 2 branches of the dungeon, and saw 15 of its levels.
You also visited: Sewer and Ossuary.

You collected 652 gold pieces.

Inventory:

Hand weapons
 b - a +3 blowgun
Missiles
 I - 50 poisoned needles
Armour
 a - a +0 robe (worn)
Jewellery
 o - a ring of see invisible (right claw)
 t - an uncursed ring of protection from fire
 y - a ring of protection from fire (left claw)
 D - an amulet of clarity (around neck)
Magical devices
 B - a wand of draining (7)
 K - a wand of digging (16)
Scrolls
 d - 3 scrolls of enchant armour
 e - a scroll of silence {unknown}
 f - 5 scrolls of blinking
 g - 3 scrolls of magic mapping
 l - 3 scrolls of noise {unknown}
 n - 5 scrolls of teleportation
 p - a scroll of identify
 u - 3 scrolls of fear
 v - 3 scrolls of recharging
 A - a scroll of random uselessness {unknown}
 C - 4 scrolls of fog
Potions
 c - a potion of mutation {unknown}
 i - 2 potions of lignification {unknown}
 j - 5 potions of magic
 m - 2 potions of degeneration {unknown}
 q - a potion of brilliance {unknown}
 s - 2 potions of haste
 w - a potion of berserk rage {unknown}
 x - a potion of cure mutation {unknown}
 E - 2 potions of poison {unknown}
 J - 2 potions of flight {unknown}
Comestibles
 h - a royal jelly
 k - a beef jerky
 z - 7 meat rations
 F - a slice of pizza
 G - 3 fruits
 H - 8 bread rations


   Skills:
 - Level 9.0 Fighting
 - Level 9.1 Dodging
 - Level 1.1 Stealth
 + Level 12.5 Unarmed Combat


You had 9 spell levels left.
You knew the following spells:

 Your Spells              Type           Power        Failure   Level  Hunger
a - Apportation           Tloc           #.........   52%         1    ##.....


Dungeon Overview and Level Annotations

Branches:
Dungeon (9/15)             Temple (0/1) D:6            Lair (6/8) D:9
  Swamp: Lair:3-6    Shoals: Lair:3-6     Snake: Lair:3-6    Spider: Lair:3-6
  Slime: Lair:6-8       Orc: D:9-12

Altars:
Dithmenos
Elyvilon
Gozag
Makhleb
Okawaru
Qazlal
Sif Muna
Trog
Vehumet
Xom
Yredelemnul
Zin
The Shining One

Shops:
D:4 %

Annotations:
Lair:2 Nergalle


Innate Abilities, Weirdness & Mutations

You are too large for most types of armour.
You have claws for hands.
Your metabolism is lightning-fast.
You like to eat raw meat.
You heal very quickly.
You are covered in fur (AC +1).
You have very tough skin (AC +2).


Message History

* * * LOW HITPOINT WARNING * * *
The vampire mosquito bites you but does no damage.
You claw the spiny frog!
The spiny frog is almost dead.
* * * LOW HITPOINT WARNING * * *
You feel very sick. The vampire mosquito bites you.
* * * LOW HITPOINT WARNING * * *
The vampire mosquito misses you. The spiny frog misses you.
The vampire mosquito closely misses you.
Read which item? (? for menu, Esc to quit)
Blink to where?
Press: ? - help, Dir - move target cursor You are very lightly contaminated with residual magic.
As you read the scroll of blinking, it crumbles to dust.
* * * LOW HITPOINT WARNING * * *
You feel very sick.
Drink which item? (? for menu, Esc to quit)
It was a potion of haste.
You feel yourself speed up.
You die...

,**,,,*##................,****,,,
****,,,#..#........#....(.*,**,,,
* ##.##*#...............$.,*,*,,,
#P...##.................,,,,,,,
#.......................,,,,,,,
#..r...#................,,,,,,,
#.....r##...............,,,,,,,
#......#......!.........,,,,,,,
*#.....#.....†@.<.......,,,,,,,
*#..yyF§y.y.............,,,,,,,
#.....##†...............,,,,,,,
##...,#.................,,,,,,,
#...,,♣♣.♣..............,,,,,,,
**##r,,,,♣♣♣♣.............,,,,,,,
,**#,,,≈*≈≈≈♣♣♣...........,,,,,,,
,,*,,,**≈≈≈≈≈*♣♣..........,,,,,,,
,,,,,,≈≈≈≈≈≈≈≈**...,,,,,,,,,,,,,,


You could see 2 vampire mosquitoes.

Vanquished Creatures
  Pikel (D:5)
  A gargoyle (D:9)
  6 black mambas
  4 spiny frogs
  2 komodo dragons (Lair:2)
  A fire drake (D:9)
  3 blink frogs (Lair:1)
  10 yaks
  The ghost of abixa the Chopper, an average MiBe of Trog (D:4)
  A basilisk (Lair:6)
  3 vampire mosquitoes (Lair:6)
  3 hippogriffs
  A hungry ghost (D:7)
  3 wolves (Lair:3)
  A porcupine (Lair:6)
  An orc warrior (D:8)
  2 water moccasins
  3 ice beasts
  A phantom (D:9)
  2 ogres
  A sky beast (D:5)
  A slave (D:5)
  An elf zombie (Ossuary)
  10 giant frogs
  5 crocodiles
  A big kobold (D:7)
  8 scorpions
  A water moccasin skeleton (D:6)
  4 killer bees (D:7)
  An electric eel (D:9)
  2 centaur skeletons
  A crimson imp (D:9)
  2 jellies
  A human zombie (Ossuary)
  5 orc priests
  3 giant frog skeletons
  5 iguanas
  7 hounds
  6 orc wizards
  3 worker ants
  A killer bee zombie (D:7)
  A big kobold zombie (Ossuary)
  A hound skeleton (D:6)
  2 hound zombies
  3 mummies (Ossuary)
  22 adders
  28 river rats
  A gnoll (D:3)
  2 shadow imps
  An ooze (D:7)
  5 adder zombies
  A worm (D:6)
  22 orcs
  17 ball pythons
  11 hobgoblins
  8 jackals
  3 quokkas
  A ball python skeleton (D:4)
  16 bats
  8 giant cockroaches
  3 giant geckos
  14 giant newts
  6 gnoll zombies (Ossuary)
  4 goblins
  4 goblin zombies (Ossuary)
  4 jackal zombies
  15 kobolds
  6 kobold zombies (Ossuary)
  3 orc zombies (Ossuary)
  4 quokka zombies (Ossuary)
  30 rats
  3 rat zombies (Ossuary)
  A butterfly (D:6)
369 creatures vanquished.

Vanquished Creatures (others)
  A hound (D:5)
  An orc (D:5)
  11 fungi
  8 plants
21 creatures vanquished.

Grand Total: 390 creatures vanquished

Notes
Turn   | Place    | Note
--------------------------------------------------------------
     0 | D:1      | urechis the Troll Monk began the quest for the Orb.
     0 | D:1      | Reached XP level 1. HP: 22/22 MP: 0/0
   186 | D:1      | Reached XP level 2. HP: 26/29 MP: 1/1
   663 | D:2      | Reached XP level 3. HP: 33/36 MP: 2/2
  1119 | D:2      | Reached skill level 5 in Unarmed Combat
  1119 | D:2      | Reached XP level 4. HP: 36/45 MP: 3/3
  1658 | D:3      | Reached XP level 5. HP: 53/53 MP: 4/4
  1845 | D:4      | Noticed abixa's ghost (average MiBe)
  1916 | D:4      | Killed abixa's ghost
  1916 | D:4      | Reached skill level 6 in Unarmed Combat
  1916 | D:4      | Reached XP level 6. HP: 47/62 MP: 5/5
  2019 | D:4      | Reached skill level 7 in Unarmed Combat
  2144 | D:4      | Found Ibrug's Food Emporium.
  2154 | D:4      | Reached XP level 7. HP: 54/71 MP: 6/6
  2318 | D:4      | Reached skill level 8 in Unarmed Combat
  2676 | D:5      | Entered Level 5 of the Dungeon
  2693 | D:5      | Reached skill level 5 in Fighting
  2751 | D:5      | Noticed Pikel
  2778 | D:5      | Killed Pikel
  2778 | D:5      | Reached skill level 9 in Unarmed Combat
  2778 | D:5      | Reached XP level 8. HP: 60/81 MP: 7/7
  2967 | D:5      | Found a sand-covered staircase.
  2971 | Ossuary  | Entered an ossuary
  3260 | D:5      | Found a glowing drain.
  3267 | D:5      | Reached skill level 10 in Unarmed Combat
  3282 | Sewer    | Entered a sewer
  3606 | Sewer    | Reached XP level 9. HP: 68/89 MP: 8/8
  3858 | D:6      | Found a basalt altar of Yredelemnul.
  3866 | D:6      | Found a burning altar of Makhleb.
  3866 | D:6      | Found a shimmering altar of Xom.
  3866 | D:6      | Found a stormy altar of Qazlal.
  3867 | D:6      | Found a deep blue altar of Sif Muna.
  3867 | D:6      | Found an opulent altar of Gozag.
  3867 | D:6      | Found an iron altar of Okawaru.
  3868 | D:6      | Found a bloodstained altar of Trog.
  3878 | D:6      | Found a staircase to the Ecumenical Temple.
  3943 | D:6      | Found a shadowy altar of Dithmenos.
  4417 | D:7      | Found a radiant altar of Vehumet.
  4510 | D:7      | Found a glowing golden altar of the Shining One.
  4510 | D:7      | Found a glowing silver altar of Zin.
  4510 | D:7      | Found a white marble altar of Elyvilon.
  4612 | D:7      | Reached skill level 11 in Unarmed Combat
  4755 | D:7      | Found a bloodstained altar of Trog.
  4865 | D:7      | Learned a level 1 spell: Apportation
  6230 | D:9      | Reached skill level 12 in Unarmed Combat
  6235 | D:9      | Found a staircase to the Lair.
  6235 | D:9      | Noticed a fire drake
  6296 | D:9      | Killed a fire drake
  6296 | D:9      | Reached XP level 10. HP: 91/102 MP: 9/9
  7028 | Lair:1   | Entered Level 1 of the Lair of Beasts
  7129 | Lair:1   | HP: 5/104 [spiny frog (24)]
  7330 | Lair:1   | Reached skill level 5 in Dodging
  7853 | Lair:2   | Noticed Nergalle
  8221 | Lair:3   | Noticed an elephant
  8221 | Lair:3   | Noticed an elephant
  8223 | Lair:3   | Noticed an elephant
  8371 | Lair:1   | Reached XP level 11. HP: 69/113 MP: 10/10
  8969 | Lair:3   | Noticed a black mamba
  8970 | Lair:3   | Noticed a black mamba
  8976 | Lair:3   | Noticed a black mamba
  9073 | Lair:3   | Noticed a black mamba
  9075 | Lair:3   | Noticed a black mamba
  9080 | Lair:3   | Killed a black mamba
  9093 | Lair:3   | HP: 5/115 [black mamba (13)]
  9094 | Lair:3   | Killed a black mamba
  9097 | Lair:3   | Noticed a black mamba
  9206 | Lair:3   | Killed a black mamba
  9263 | Lair:3   | Noticed a black mamba
  9274 | Lair:3   | Noticed a black mamba
  9276 | Lair:3   | Killed a black mamba
  9285 | Lair:3   | Killed a black mamba
  9402 | Lair:3   | Noticed a five-headed hydra
  9851 | Lair:6   | HP: 5/115 [vampire mosquito (1)]
  9852 | Lair:6   | HP: 1/115 [poisoned by a spiny frog]
  9853 | Lair:6   | Succumbed to a spiny frog's poison

Vault maps used:
D:1:      dpeg_arrival_brainrot
D:2:      serial_curves, eino_curves_03, eino_curves_03, grunt_ministairs_14,
          kennysheep_generic_room_3
D:3:      first_bread, minmay_close_crescents
D:4:      old_forge, serial_shops, nicolae_shop_trees, minmay_splitting_lines
D:5:      enter_ossuary_5, portal_sewer_entry_c, uniq_pikel
D:6:      grunt_temple_overflow_open, minmay_temple_entry_butterflies,
          basic_altar, corexii_item_surrounded_by_moat,
          hangedman_decor_peaks_small, kennysheep_nondescript
D:7:      good_gods_mini_temple, basic_altar, vehumet_altar_wand_db
D:9:      minmay_lair_entry_lava
Lair:1:   portal_ice_cave_entry_pillars_02, lab_entry_generic
Lair:2:   beast_lair_carwin_10, lemuel_fruit_fields,
          infiniplex_staircase_pool_2, uniq_nergalle
Lair:3:   minmay_lair_oklob_chamber, minmay_snake_entry_six_corridors,
          beast_lair_carwin_9
Lair:4:   lemuel_fruit_tree, grunt_megastairs_3
Lair:5:   uniq_kirke
Lair:6:   minmay_swamp_entry_swarm, minivault_19, beast_lair_carwin_5
Sewer:    sewer_minmay_w
Ossuary:  minmay_ossuary_two_tombs

Action                   |  1- 3 |  4- 6 |  7- 9 | 10-12 || total
-------------------------+-------+-------+-------+-------++-------
Melee: Unarmed           |   106 |   102 |   507 |   318 ||  1033
 Fire: Blowgun           |       |       |     3 |     3 ||     6
  Use: Scroll            |       |       |     9 |    17 ||    26
       Potion            |       |       |     5 |    18 ||    23
 Stab: Sleeping          |     4 |     4 |     7 |     3 ||    18
  Eat: Chunk             |    12 |    12 |    33 |    25 ||    82
       Royal jelly       |       |       |     2 |       ||     2
       Fruit             |       |       |     2 |       ||     2
       Bread ration      |       |       |     1 |       ||     1
       Beef jerky        |       |       |     1 |       ||     1
